 Dungeon Crawl Stone Soup version 0.18-a0-1405-g73f4075 (webtiles) character file.

127 Kidiri the Magician (level 4, 0/25 HPs)
             Began as a Deep Elf Fire Elementalist on Feb 24, 2016.
             Slain by a shadow imp (4 damage)
             ... summoned by Natasha
             ... on level 3 of the Dungeon.
             The game lasted 00:06:50 (3228 turns).

Kidiri the Magician (Deep Elf Fire Elementalist)    Turns: 3228, Time: 00:06:50

Health: 0/25       AC:  2    Str:  5    XL:     4   Next: 85%
Magic:  7/21       EV: 15    Int: 21    God:
Gold:   66         SH:  0    Dex: 15    Spells: 4 memorised, 3 levels left

rFire  . . .     SeeInvis .     e - +0 dagger
rCold  . . .     Gourm    .     a - +0 robe
rNeg   . . .     Faith    .     (no shield)
rPois  .         Spirit   .     (helmet restricted)
rElec  .         Dismiss  .     (no cloak)
rCorr  .         Reflect  .     (no gloves)
SustAt .         Harm     .     (no boots)
MR     .....                    (no amulet)
Stlth  ++........               (no ring)
                                k - ring of magical power

@: not resistant to hostile enchantments, unstealthy
A: antennae 1, repulsion field 1, wild magic 1
a: no special abilities


You were on level 3 of the Dungeon.
You were hungry.

You visited 1 branch of the dungeon, and saw 3 of its levels.

You collected 66 gold pieces.

Inventory:

Hand Weapons
 e - a +0 dagger (weapon)
Armour
 a - a +0 robe (worn)
Jewellery
 k - a ring of magical power (left hand)
Scrolls
 g - a scroll of blinking
 l - 2 scrolls of remove curse {unknown}
 m - 3 scrolls of amnesia {unknown}
 s - 2 scrolls of teleportation
Potions
 d - a potion of resistance
 o - a potion of cure mutation {unknown}
 p - a potion of magic {unknown}
 q - a potion of might {unknown}
 r - a potion of lignification
Books
 b - a book of Flames

   Spells                             Type                      Level
   a - Flame Tongue                   Conjuration/Fire             1
   b - Throw Flame                    Conjuration/Fire             2
   c - Conjure Flame                  Conjuration/Fire             3
   d - Inner Flame                    Hexes/Fire                   3
   e - Sticky Flame                   Conjuration/Fire             4
   f - Fireball                       Conjuration/Fire             5


   Skills:
 + Level 1.4 Fighting
 + Level 2.8 Dodging
 + Level 2.8 Stealth
 * Level 4.6 Spellcasting
 + Level 1.9 Conjurations
 + Level 1.3 Hexes
 + Level 3.7 Fire Magic


You had 3 spell levels left.
You knew the following spells:

 Your Spells              Type           Power        Failure   Level  Hunger
a - Flame Tongue          Conj/Fire      ####.        9%          1    None
b - Throw Flame           Conj/Fire      ####..       13%         2    #......
c - Conjure Flame         Conj/Fire      ####....     22%         3    ##.....
d - Inner Flame           Hex/Fire       ###.....     26%         3    ##.....


Dungeon Overview and Level Annotations

Branches:
Dungeon (3/15)

Altars:
Makhleb
Qazlal

Annotations:
D:3 Grinder, Natasha


Innate Abilities, Weirdness & Mutations

You have a pair of small antennae on your head.
You are surrounded by a mild repulsion field (EV +2).
Your spells are a little harder to cast, but a little more powerful.


Message History

Grinder gestures at you. Pain shoots through your body!
Natasha hisses angrily.
Grinder gestures at you.
You suddenly lose the ability to move!
Grinder says, "Tell me all your secrets, or I'll kill you."
Natasha casts a spell.
Grinder gestures.
Grinder blinks!
The orc hits you. x2
Grinder gestures.
Grinder blinks!
The orc hits you.
* * * LOW HITPOINT WARNING * * *
Natasha wildly gestures.
Natasha shimmers violently.
Natasha mumbles some strange words.
The orc hits you.
* * * LOW HITPOINT WARNING * * *
You can move again.
Natasha completely misses you. The shadow imp hits you.
You die...

#### ...# ...# #..# #..######
. # #.......###############
....#.#.#####5##.............
.._..ยง...w.o@h.5)....########
#...)###...##(#####...#####.#
##.. ######.# #.###....... ...
##.## #.# #......# ##
#####...###.###.###..#
#........###..)## .#
#####....####.##
..........###.####
#######.#........#


You could see a worm, Natasha, a crimson imp, a shadow imp and an orc (inner
flame).

Vanquished Creatures
  An orc wizard (D:3)
  Natasha (D:3)
  2 adders
  An ooze (D:1)
  A worm (D:2)
  A giant gecko (D:2)
  An orc (D:3)
  A ball python (D:2)
  3 giant cockroaches
  9 goblins
  6 hobgoblins
  4 jackals (D:2)
  A bat (D:1)
  2 giant newts
  7 kobolds
  4 rats
45 creatures vanquished.

Notes
Turn   | Place    | Note
--------------------------------------------------------------
     0 | D:1      | Kidiri the Deep Elf Fire Elementalist began the quest for the Orb.
     0 | D:1      | Reached XP level 1. HP: 10/10 MP: 6/6
   135 | D:1      | Reached XP level 2. HP: 15/15 MP: 5/8
   145 | D:1      | Learned a level 2 spell: Throw Flame
  1483 | D:2      | Reached skill level 4 in Spellcasting
  1639 | D:2      | Reached XP level 3. HP: 20/20 MP: 7/10
  1644 | D:2      | Learned a level 3 spell: Conjure Flame
  1648 | D:2      | Learned a level 3 spell: Inner Flame
  1922 | D:2      | Found a burning altar of Makhleb.
  2081 | D:2      | Gained mutation: Your spells are a little harder to cast, but a little more powerful. [potion of mutation]
  2081 | D:2      | Gained mutation: You have a pair of small antennae on your head. [potion of mutation]
  2081 | D:2      | Gained mutation: You are surrounded by a mild repulsion field (EV +2). [potion of mutation]
  2638 | D:2      | Reached skill level 1 in Fighting
  2638 | D:2      | Reached skill level 1 in Hexes
  3013 | D:3      | HP: 1/20 [poisoned by an adder]
  3017 | D:3      | Reached XP level 4. HP: 25/25 MP: 9/12
  3204 | D:3      | Found a stormy altar of Qazlal.
  3208 | D:3      | Noticed Grinder
  3210 | D:3      | Noticed Natasha
  3215 | D:3      | Killed Natasha
  3220 | D:3      | Noticed Natasha
  3221 | D:3      | Paralysed by Grinder for 7 turns
  3228 | D:3      | Slain by a shadow imp

Vault maps used:
D:1:      co_arrival_random_square_maze, lemuel_flame_loot_1
D:2:      bloody_makhleb
D:3:      old_standard_altar, nicolae_overflow_crystal_walls, uniq_natasha,
          uniq_grinder

Skill      XL: |  1  2  3 |
---------------+----------+-----
Spellcasting   | 4 |  4.6
Fighting       | 1 |  1.4
Hexes          | 1 |  1.3
Dodging        | |  2.8
Stealth        | |  2.8
Conjurations   | |  1.9
Fire Magic     | |  3.7

Action                   |  1- 3 |  4- 6 || total
-------------------------+-------+-------++-------
Melee: Dagger            |     3 |       ||     3
 Cast: Flame Tongue      |    52 |     7 ||    59
       Throw Flame       |    21 |     2 ||    23
       Inner Flame       |       |     2 ||     2
       Conjure Flame     |       |     1 ||     1
  Use: Scroll            |     4 |       ||     4
       Potion            |     4 |       ||     4
  Eat: Bread ration      |     1 |       ||     1
       Pizza             |     1 |       ||     1
       Chunk             |     1 |       ||     1
